 Dungeon Crawl Stone Soup version 0.27-a0-1182-gee19b5822f (webtiles) character file.

Game seed: 9331369627427233577

13 Elric the Poker (level 2, 0/23 HPs)
             Began as a Merfolk Gladiator on May 17, 2021.
             Slain by an adder (3 damage)
             ... on level 2 of the Dungeon.
             The game lasted 00:02:07 (782 turns).

Elric the Poker (Merfolk Gladiator)                  Turns: 782, Time: 00:02:10

Health: 0/23       AC:  7    Str: 14    XL:     2   Next: 37%
Magic:  2/2        EV: 12    Int:  7    God:
Gold:   47         SH:  0    Dex: 15    Spells: 1/1 levels left

rFire    . . .     SeeInvis .   a - +0 trident
rCold    . . .     Faith    .   (no shield)
rNeg     . . .     Spirit   .   i - +0 ring mail
rPois    .         Reflect  .   c - +0 helmet
rElec    .         Harm     .   (no cloak)
rCorr    .         Rampage  .   (no gloves)
Will     .....                  g - +0 pair of boots
Stlth    +.........             (no amulet)
HPRegen  0.07/turn              (no ring)
MPRegen  0.08/turn              (no ring)

@: no status effects
A: (nimble swimmer 2), mertail
a: no special abilities


You were on level 2 of the Dungeon.
You visited 1 branch of the dungeon, and saw 2 of its levels.

You collected 47 gold pieces.

Inventory:

Hand Weapons
 a - a +0 trident (weapon)
Missiles
 d - 2 throwing nets (quivered)
Armour
 b - a +0 leather armour
 c - a +0 helmet (worn)
 g - a +0 pair of boots (worn)
 i - a +0 ring mail (worn)
Jewellery
 h - a ring of protection from fire
Scrolls
 e - a scroll of magic mapping {unknown}
Potions
 f - 2 potions of brilliance {unknown}


   Skills:
 + Level 2.4 Fighting
 * Level 5.0 Polearms
 + Level 2.0 Throwing
 - Level 4.1 Dodging


You had one spell level left.
You didn't know any spells.
Your spell library was empty.

Dungeon Overview and Level Annotations

Branches:
Dungeon (2/15)

Altars:


Innate Abilities, Weirdness & Mutations

((You are quick and stealthy near water. (Stealth+, EV+, Speed+++)))
Your lower body shifts to a powerful aquatic tail in water.


Message History

t - Shout!
Orders for allies: a - Attack new target. r - Retreat! s - Stop attacking. g - Guard the area. f - Follow me.
Anything else - Cancel.
Okay, then.
Setting a skill training target for Throwing at 6.0.
You hit the adder.
The adder is severely wounded.
The adder barely misses you. x2
You barely miss the adder.
The adder is severely wounded.
The adder closely misses you.
You hit the adder but do no damage.
The adder is severely wounded.
The adder bites you.
* * * LOW HITPOINT WARNING * * *
You miss the adder.
The adder is severely wounded.
The adder bites you.
* * * LOW HITPOINT WARNING * * *
The adder bites you but does no damage.
Okay, then.
What are your orders? t - Shout!
Orders for allies: a - Attack new target. r - Retreat! s - Stop attacking. g - Guard the area. f - Follow me.
Anything else - Cancel.
Follow me!
The adder bites you but does no damage.
You completely miss the adder.
The adder is severely wounded.
The adder misses you.
Throw: 3 throwing nets
Press: ? - help, Q - select action Shift-Dir - straight line, f - adder
Aim: an adder (severely wounded, 42% to hit)
You throw a throwing net.
The throwing net closely misses the adder.
The adder closely misses you. The adder bites you.
You die...

##+#
##^..##
#....@#
#......S#
#........(#
+.........+
#.........#
##.......##
##.....##
##...##


You could see an adder.

Vanquished Creatures
  An endoplasm (D:1)
  2 hobgoblins (D:1)
  4 jackals (D:1)
  A frilled lizard (D:1)
  2 kobolds (D:1)
  A rat (D:1)
11 creatures vanquished.

Notes
Turn   | Place    | Note
-------+----------+-------------------------------------------
     0 | D:1      | Elric the Merfolk Gladiator began the quest for the Orb.
     0 | D:1      | Reached XP level 1. HP: 16/16 MP: 1/1
   267 | D:1      | Reached XP level 2. HP: 20/23 MP: 2/2
   359 | D:1      | Reached skill level 5 in Polearms
   782 | D:2      | Slain by an adder

Illustrated notes

Levels and vault maps discovered:
D:1:      dpeg_arrival_tiny_f, layout_basic
D:2:      layout_loops_corners, wad_floor_pattern_untrapped,
          chequers_serial_rivers_micro_e, uniq_terence

Skill      XL: |  1  2 |
---------------+-------+-----
Polearms       | 5 |  5.0
Fighting       | |  2.4
Throwing       | |  2.0
Dodging        | |  4.1

Action                   || total
-------------------------++-------
Melee: Trident           ||    47
Throw: Throwing net      ||     1
Armor: Leather armour    ||    11
       Ring mail         ||     4
Dodge: Dodged            ||    28

Table legend: (Time is in decaauts)
 A = Elapsed time spent in this place.
 B = Non-inter-level travel time spent in this place.
 C = Inter-level travel time spent in this place.
 D = Time resting spent in this place.
 E = Time spent auto-exploring this place.
 F = Levels seen in this place.
 G = Mean time per level.
                   A        B        C        D        E       F      G
               +--------+--------+--------+--------+--------+-----+--------+
         Total |    784 |    736 |     48 |      0 |    605 |   2 |  392.0 |
       Dungeon |    784 |    736 |     48 |      0 |    605 |   2 |  392.0 |
               +--------+--------+--------+--------+--------+-----+--------+

Top non-repeatable levels by time:
     D:1: 770 daAuts
     D:2: 14 daAuts
